 Dungeon Crawl Stone Soup version 0.28.0-53-g5a82cb258f (webtiles) character file.

Game seed: 14457368021163383255

740 Zeld the Changer (level 7, 0/67 (70) HPs)
             Began as a Grey Draconian Transmuter on June 5, 2022.
             Was an Initiate of Gozag.
             Slain by a wight
             ... wielding a +1 war axe
              (11 damage)
             ... on level 5 of the Dungeon.
             The game lasted 00:05:00 (5557 turns).

Zeld the Changer (Grey Draconian Transmuter)        Turns: 5557, Time: 00:05:00

HP:   0/67 (70)     AC:  6    Str: 15    XL:     7   Next: 46%
MP:   13/13         EV: 10    Int: 13    God:    Gozag
Gold: 177           SH:  0    Dex: 11    Spells: 5/15 levels left

rFire   x . .      SeeInvis .     - Unarmed
rCold   + + +      Faith    .   (shield currently unavailable)
rNeg    . . .      Spirit   .   (armour unavailable)
rPois   +          Reflect  .   (helmet currently unavailable)
rElec   .          Harm     .   (cloak currently unavailable)
rCorr   .          Rampage  .   (gloves currently unavailable)
Will    .....                   (boots currently unavailable)
Stlth   +.........              d - amulet of magic regeneration
HPRegen 0.21/turn               k - ring of wizardry
MPRegen 0.53/turn               (no ring)

@: ice-form, wereblooded, drained
A: freezing attack, boosted hp, AC +11, amphibious, large, unfitting armour,
(cold-blooded)
a: End Transformation, Renounce Religion, Potion Petition, Call Merchant, Bribe
Branch


You were on level 5 of the Dungeon.
You worshipped Gozag.
Gozag was aware of your devotion.
You were a creature of crystalline ice.
You visited 2 branches of the dungeon, and saw 6 of its levels.

You collected 225 gold pieces.
You paid 48 gold pieces to Gozag.

Inventory:

Jewellery
 d - an amulet of magic regeneration (around neck)
 k - a ring of wizardry (left front paw)
Wands
 p - a wand of iceblast (4)
Scrolls
 b - 4 scrolls of identify {unknown}
 e - 2 scrolls of noise {unknown}
 g - 2 scrolls of teleportation {unknown}
 j - a scroll of amnesia {unknown}
 n - a scroll of enchant armour {unknown}
 o - a scroll of immolation {unknown}
 r - a scroll of blinking {unknown}
 s - a scroll of summoning {unknown}
 t - a scroll of fear {unknown}
Potions
 a - a potion of cancellation {unknown}
 c - 3 potions of lignification {unknown}
 f - a potion of mutation {unknown}
 h - a potion of invisibility {unknown}
 i - a potion of flight {unknown}
 l - 3 potions of haste {unknown}
 q - a potion of attraction {unknown}


   Skills:
 + Level 4.2 Fighting
 - Level 1.7 Dodging
 - Level 3.0 Unarmed Combat
 * Level 4.6 Spellcasting
 * Level 5.0 Transmutations
 - Level 2.0 Ice Magic
 - Level 2.0 Poison Magic


You had 5 spell levels left.
You knew the following spells:

 Your Spells              Type           Power      Damage    Failure   Level
a - Beastly Appendage     Tmut           32%        N/A       1%          1
b - Wereblood             Tmut           16%        N/A       1%          2
c - Spider Form           Tmut/Pois      12%        N/A       6%          3
d - Ice Form              Ice/Tmut       12%        N/A       17%         4

Your spell library contained the following spells:

 Spells                   Type           Power      Damage    Failure   Level
 Poisonous Vapours        Pois/Air       10%        N/A       9%          2
 Corpse Rot               Necr/Air       4%         N/A       12%         2
 Fireball                 Conj/Fire      1%         3d3       89%         5
 Starburst                Conj/Fire      1%         6d3       100%        6
 Ignition                 Fire           1%         3d3       100%        8


Dungeon Overview and Level Annotations

Branches:
Dungeon (5/15)             Temple (1/1) D:4

Altars:
Ashenzari
Cheibriados
Dithmenos
Elyvilon
Fedhas
Gozag
Hepliaklqana
Kikubaaqudgha
Makhleb
Nemelex Xobeh
Okawaru
Qazlal
Ru
Sif Muna
Trog
Vehumet
Wu Jian
Xom
Yredelemnul
Zin
The Shining One

Annotations:
D:5 1 runed translucent door, Crazy Yiuf


Innate Abilities, Weirdness & Mutations

You are a creature of crystalline ice.
You have a powerful freezing melee attack.
Your maximum health is increased.
Your armour is entirely melded.
You are incapable of wielding weapons or throwing items.
((Your dull iron-grey scales are very hard. (AC +11)))
You are amphibious.
You cannot fit into any form of body armour.
((You are cold-blooded and may be slowed by cold attacks.))


Message History

You are too injured to fight recklessly!
You barely miss the wight.
The wight is moderately damaged.
You barely miss the wight. You hit the wight.
The wight is moderately damaged.
The wight closely misses you.
You hit the wight.
The wight is heavily damaged.
The wight hits you with a +1 war axe.
You barely miss the wight.
The wight is heavily damaged.
The wight hits you with a +1 war axe!
* * * LOW HITPOINT WARNING * * *
You howl as the wereblood boils in your veins!
There is a stone staircase leading up here.
The killer bee zombie hits you but does no damage.
You climb upwards.
There is a stone staircase leading down here.
The wight hits you with a +1 war axe.
* * * LOW HITPOINT WARNING * * *
You feel drained.
* * * LOW HITPOINT WARNING * * *
You climb downwards.
Level annotation: 1 runed translucent door, Crazy Yiuf The killer bee zombie misses you.
The killer bee zombie hits you.
* * * LOW HITPOINT WARNING * * *
The wight hits you with a +0 mace.
* * * LOW HITPOINT WARNING * * *
You feel drained.
* * * LOW HITPOINT WARNING * * *
The killer bee zombie hits you but does no damage.
There is a stone staircase leading up here.
Unknown command.
Okay, then.
You feel better. The killer bee zombie hits you.
* * * LOW HITPOINT WARNING * * *
The wight hits you with a +1 war axe!
You die...
Your body crumbles into a pile of gold.

..... #..... [.....
####......
######.........
#..zYZ)......
#..z......##
#.........#
##.........#
######........###
#......(......#
#.....#.......#
#.....#.......##♣♣
##
#....##..<....#..♣♣
♣♣#..)


You could see 2 wights and a killer bee zombie.

Vanquished Creatures
  Grinder (D:3)
  A centaur (D:5)
  A wight (D:5)
  3 jellies (D:2)
  A hound (D:4)
  An iguana (D:5)
  Ijyb (D:3)
  Natasha (thrice) (D:2)
  A hound skeleton (D:4)
  4 adders
  An ufetubus (D:3)
  3 worms (D:2)
  5 dart slugs
  7 orcs
  16 endoplasms
  6 giant cockroaches
  11 hobgoblins
  13 kobolds
  4 quokkas
  8 ball pythons
  4 bats
  5 frilled lizards
  6 goblins
  4 rats
110 creatures vanquished.

Vanquished Creatures (others)
  7 fungi (D:2)
  5 toadstools (D:2)
12 creatures vanquished.

Grand Total: 122 creatures vanquished

Notes
Turn   | Place    | Note
-------+----------+-------------------------------------------
     0 | D:1      | Zeld the Draconian Transmuter began the quest for the Orb.
     0 | D:1      | Reached XP level 1. HP: 16/16 MP: 3/3
    95 | D:1      | Reached XP level 2. HP: 22/23 MP: 3/5
    98 | D:1      | Learned a level 2 spell: Wereblood
   324 | D:1      | Reached skill level 1 in Ice Magic
   572 | D:1      | Reached skill level 1 in Poison Magic
   863 | D:1      | Reached XP level 3. HP: 28/28 MP: 4/6
   867 | D:1      | Learned a level 3 spell: Spider Form
  1032 | D:2      | Noticed Natasha
  1040 | D:2      | Killed Natasha
  1319 | D:2      | Noticed Natasha
  1325 | D:2      | Killed Natasha
  1326 | D:2      | Reached XP level 4. HP: 32/36 MP: 4/7
  1430 | D:2      | Found a faded altar of an unknown god.
  1556 | D:2      | Noticed Natasha
  1560 | D:2      | Killed Natasha
  2221 | D:2      | Reached XP level 5. HP: 23/42 MP: 7/9
  2446 | D:2      | Reached skill level 3 in Transmutations
  2783 | D:2      | Learned a level 4 spell: Ice Form
  3181 | D:2      | Reached XP level 6. HP: 51/51 MP: 10/10
  3575 | D:3      | Noticed Ijyb
  3603 | D:3      | Killed Ijyb
  3713 | D:3      | Noticed Grinder
  3724 | D:3      | Killed Grinder
  3725 | D:3      | Reached skill level 4 in Transmutations
  3725 | D:3      | Your scales start taking on a dull iron-grey colour.
  3725 | D:3      | Reached XP level 7. HP: 58/58 MP: 11/13
  4535 | D:4      | Found a staircase to the Ecumenical Temple.
  4543 | Temple   | Entered the Ecumenical Temple
  4752 | Temple   | Became a worshipper of Gozag Ym Sagoz the Greedy
  5408 | D:5      | Entered Level 5 of the Dungeon
  5471 | D:5      | Found a runed translucent door.
  5472 | D:5      | Noticed Crazy Yiuf
  5538 | D:5      | Reached skill level 5 in Transmutations
  5557 | D:5      | Slain by a wight

Illustrated notes

Levels and vault maps discovered:
D:1:      erik_arrival_orb_chamber, layout_loops_ring, minivault_4,
          kennysheep_small_spiral, hex_tiny, st_stairs_3
D:2:      cheibrodos_fertilizer, layout_basic,
          hellmonk_ecumenical_altar_zigzags, minivault_27,
          minmay_increasing_density, uniq_natasha
D:3:      layout_loops_ring, nrook_mini_vaults, uniq_grinder, uniq_ijyb
D:4:      layout_basic, minmay_temple_entry_fiery
D:5:      layout_rooms, nicolae_uskayaw_murder_on_the_dancefloor, serial_shops,
          nicolae_take_the_stairs, hangedman_decor_riveting,
          uniq_crazy_yiuf_cottage
Temple:   roderic_octagonal_lattice_temple

Skill      XL: |  1  2  3  4  5  6  7 |
---------------+----------------------+-----
Ice Magic      | 1 2 |  2.0
Poison Magic   | 1 2 |  2.0
Fighting       | 2 3 4 |  4.2
Spellcasting   | 3 4 |  4.6
Transmutations | 3 4 5 |  5.0
Dodging        | |  1.7
Unarmed Combat | |  3.0

Action                   |  1- 3 |  4- 6 |  7- 9 || total
-------------------------+-------+-------+-------++-------
Melee: Unarmed           |    70 |   198 |    54 ||   322
       Kick              |     6 |    27 |       ||    33
       Headbutt          |     8 |    14 |       ||    22
       Tailslap          |     5 |    13 |       ||    18
       Punch             |       |     2 |       ||     2
 Cast: Beastly Appendage |    16 |    19 |       ||    35
       Spider Form       |     2 |    15 |    11 ||    28
       Wereblood         |       |     3 |     1 ||     4
       Ice Form          |       |     1 |     1 ||     2
  Use: Potion            |       |       |     1 ||     1
 Stab: Sleeping          |       |       |     1 ||     1
Armor: Skin              |    20 |    46 |    16 ||    82
Dodge: Dodged            |    30 |   158 |    48 ||   236
